[ AOE2 MATCH · #506284088 ]
UnrankedSaracens vs Shu
Player's team · WIN
Rival team · LOSS
[ REPLAY ANALYSIS · EXTRACTED FROM THE RECORDED GAME ]
Feudal
12:35
Castle
21:08
Imperial
—
| APM avg | 73.6 |
| APM peak | 110 |
| eAPM avg | 25.0 |
| Villagers / military | 71 / 63 |
Focus
⚔️ 50.9% · 🌾 49.1%
Archer ×49 · Militia ×6 · Mangonel ×4 · Scout Cavalry ×4
Feudal
12:51
Castle
23:18
Imperial
—
| APM avg | 61.1 |
| APM peak | 99 |
| eAPM avg | 32.8 |
| Villagers / military | 74 / 27 |
Focus
⚔️ 44.1% · 🌾 55.9%
Archer ×19 · Mangonel ×6 · Spearman ×2
Match map
Initial resources + every placement click. Lines = walls · curves = elevation contours. ◆ gold · ⬟ stone · ● berries · ✦ relic · ◌ wall gap
Your base· ✓ Closed at 21:08 · 54t walls · no gate
Courtesy's base· ✓ Closed at 23:18 · 55t walls · no gate
Smoothed initial terrain · ◌ = detected wall gap · hover for details
Inputs per minute
— Survivalist - - Courtesy
Build order — Survivalist
First 150 of 233 actions detected
| 0:01 | Create | Villager (Male) |
| 0:02 | Build | House |
| 0:03 | Build | House |
| 0:05 | Create | Villager (Male) |
| 0:06 | Create | Villager (Male) |
| 0:07 | Create | Villager (Male) |
| 1:23 | Create | Villager (Male) |
| 1:24 | Create | Villager (Male) |
| 1:57 | Create | Villager (Male) |
| 1:57 | Create | Villager (Male) |
| 2:17 | Create | Villager (Male) |
| 2:45 | Create | Villager (Male) |
| 3:05 | Create | Villager (Male) |
| 3:18 | Build | Barracks |
| 3:19 | Build | Palisade Wall |
| 3:20 | Build | Palisade Wall |
| 3:21 | Build | Palisade Wall |
| 3:27 | Create | Villager (Male) |
| 3:59 | Build | House |
| 4:09 | Create | Villager (Male) |
| 4:13 | Create | Militia |
| 4:13 | Create | Militia |
| 4:32 | Create | Villager (Male) |
| 4:35 | Build | House |
| 4:58 | Create | Villager (Male) |
| 5:03 | Build | Palisade Wall |
| 5:04 | Build | Palisade Wall |
| 5:04 | Build | Palisade Wall |
| 5:05 | Build | Palisade Wall |
| 5:05 | Build | Palisade Wall |
| 5:10 | Create | Militia |
| 5:16 | Create | Villager (Male) |
| 5:21 | Create | Villager (Male) |
| 5:45 | Create | Militia |
| 6:04 | Create | Militia |
| 6:04 | Create | Militia |
| 6:10 | Create | Villager (Male) |
| 6:14 | Build | Palisade Wall |
| 6:14 | Build | Palisade Wall |
| 6:15 | Build | Palisade Wall |
| 6:16 | Build | Palisade Wall |
| 6:16 | Build | Palisade Wall |
| 6:16 | Build | Palisade Wall |
| 6:16 | Build | Palisade Wall |
| 6:17 | Build | Palisade Wall |
| 6:17 | Build | Palisade Wall |
| 6:17 | Build | Palisade Wall |
| 6:18 | Build | Palisade Wall |
| 6:18 | Build | Palisade Wall |
| 6:18 | Build | Palisade Wall |
| 6:19 | Build | Palisade Wall |
| 6:19 | Build | Palisade Wall |
| 6:19 | Build | Palisade Wall |
| 6:42 | Create | Villager (Male) |
| 6:46 | Build | House |
| 6:55 | Create | Villager (Male) |
| 7:22 | Create | Villager (Male) |
| 7:46 | Build | Mill |
| 7:47 | Create | Villager (Male) |
| 7:58 | Create | Villager (Male) |
| 8:05 | Build | Lumber Camp |
| 8:28 | Create | Villager (Male) |
| 9:01 | Create | Villager (Male) |
| 9:13 | Build | House |
| 9:15 | Create | Villager (Male) |
| 9:29 | Build | House |
| 9:52 | Create | Villager (Male) |
| 10:25 | Research | Feudal Age |
| 10:47 | Build | Farm |
| 11:28 | Build | Lumber Camp |
| 11:49 | Build | Farm |
| 12:00 | Build | House |
| 12:07 | Create | Villager (Male) |
| 12:21 | Build | Farm |
| 12:35 | Age | Feudal Age |
| 12:39 | Build | Stable |
| 12:50 | Research | Double-Bit Axe |
| 12:52 | Create | Villager (Male) |
| 12:55 | Research | Loom |
| 13:13 | Create | Scout Cavalry |
| 13:13 | Create | Scout Cavalry |
| 13:18 | Build | House |
| 13:20 | Build | House |
| 13:29 | Create | Villager (Male) |
| 13:32 | Build | Mining Camp |
| 14:00 | Create | Villager (Male) |
| 14:03 | Create | Scout Cavalry |
| 14:11 | Build | Archery Range |
| 14:13 | Build | House |
| 14:16 | Build | Palisade Wall |
| 14:18 | Create | Villager (Male) |
| 14:18 | Create | Scout Cavalry |
| 14:22 | Build | House |
| 14:27 | Build | Palisade Wall |
| 14:28 | Create | Villager (Male) |
| 14:35 | Build | Market |
| 14:43 | Create | Villager (Male) |
| 14:45 | Build | House |
| 14:46 | Build | Palisade Wall |
| 14:49 | Build | Palisade Wall |
| 15:06 | Build | Farm |
| 15:34 | Create | Villager (Male) |
| 16:04 | Create | Archer |
| 16:08 | Build | House |
| 16:13 | Create | Villager (Male) |
| 16:16 | Build | Archery Range |
| 16:23 | Create | Villager (Male) |
| 16:29 | Build | Farm |
| 16:30 | Build | Farm |
| 16:32 | Create | Villager (Male) |
| 16:41 | Build | Farm |
| 16:42 | Build | Farm |
| 16:44 | Create | Archer |
| 16:58 | Create | Villager (Male) |
| 17:03 | Create | Archer |
| 17:07 | Build | Blacksmith |
| 17:08 | Build | House |
| 17:10 | Build | House |
| 17:11 | Build | House |
| 17:18 | Build | Farm |
| 17:20 | Build | Farm |
| 17:28 | Create | Archer |
| 17:43 | Create | Villager (Male) |
| 18:29 | Research | Castle Age |
| 18:29 | Research | Castle Age |
| 18:31 | Create | Archer |
| 18:32 | Create | Archer |
| 18:52 | Create | Archer |
| 18:52 | Create | Archer |
| 19:00 | Research | Gold Mining |
| 19:23 | Research | Fletching |
| 19:28 | Create | Archer |
| 19:28 | Create | Archer |
| 19:38 | Create | Archer |
| 19:41 | Create | Villager (Male) |
| 19:48 | Build | Farm |
| 19:51 | Build | Farm |
| 20:02 | Create | Archer |
| 20:03 | Create | Villager (Male) |
| 20:13 | Create | Archer |
| 20:36 | Build | House |
| 20:51 | Create | Villager (Male) |
| 20:55 | Create | Archer |
| 20:55 | Create | Archer |
| 21:08 | Age | Castle Age |
| 21:09 | Research | Crossbowman (upgrade) |
| 21:09 | Research | Crossbowman (upgrade) |
| 21:10 | Research | Bodkin Arrow |
| 21:14 | Build | University |
| 21:20 | Create | Archer |
Build order — Courtesy
First 150 of 187 actions detected
| 0:02 | Create | Villager (Male) |
| 0:02 | Create | Villager (Male) |
| 0:02 | Create | Villager (Male) |
| 0:03 | Build | House |
| 0:04 | Build | House |
| 0:06 | Create | Villager (Male) |
| 0:06 | Create | Villager (Male) |
| 1:33 | Create | Villager (Male) |
| 1:59 | Create | Villager (Male) |
| 1:59 | Create | Villager (Male) |
| 2:22 | Build | Mill |
| 2:24 | Create | Villager (Male) |
| 2:24 | Create | Villager (Male) |
| 3:03 | Create | Villager (Male) |
| 3:28 | Create | Villager (Male) |
| 3:28 | Create | Villager (Male) |
| 3:35 | Research | Loom |
| 3:51 | Build | House |
| 3:55 | Create | Villager (Male) |
| 4:10 | Create | Villager (Male) |
| 4:21 | Create | Villager (Male) |
| 4:40 | Create | Villager (Male) |
| 4:40 | Create | Villager (Male) |
| 4:52 | Create | Villager (Male) |
| 5:01 | Create | Villager (Male) |
| 5:12 | Create | Villager (Male) |
| 5:12 | Create | Villager (Male) |
| 5:24 | Build | Lumber Camp |
| 5:32 | Create | Villager (Male) |
| 5:41 | Build | House |
| 5:48 | Build | Palisade Wall |
| 5:49 | Build | Palisade Wall |
| 6:02 | Create | Villager (Male) |
| 6:04 | Create | Villager (Male) |
| 6:06 | Build | Palisade Wall |
| 6:08 | Build | Palisade Wall |
| 6:14 | Create | Villager (Male) |
| 6:26 | Build | Palisade Wall |
| 6:28 | Build | Palisade Wall |
| 7:28 | Create | Villager (Male) |
| 7:32 | Create | Villager (Male) |
| 7:40 | Build | Farm |
| 7:41 | Create | Villager (Male) |
| 8:07 | Build | Farm |
| 8:20 | Create | Villager (Male) |
| 8:34 | Create | Villager (Male) |
| 8:43 | Create | Villager (Male) |
| 9:07 | Create | Villager (Male) |
| 9:23 | Build | Farm |
| 9:31 | Create | Villager (Male) |
| 9:47 | Create | Villager (Male) |
| 9:50 | Build | Farm |
| 9:51 | Create | Villager (Male) |
| 10:15 | Create | Villager (Male) |
| 10:40 | Build | Barracks |
| 10:41 | Research | Feudal Age |
| 10:42 | Research | Feudal Age |
| 10:42 | Research | Feudal Age |
| 11:26 | Build | Mining Camp |
| 11:27 | Create | Villager (Male) |
| 11:41 | Create | Villager (Male) |
| 12:03 | Build | Mill |
| 12:13 | Create | Villager (Male) |
| 12:35 | Create | Villager (Male) |
| 12:48 | Create | Villager (Male) |
| 12:50 | Build | Palisade Wall |
| 12:51 | Build | Palisade Wall |
| 12:51 | Age | Feudal Age |
| 12:57 | Build | Archery Range |
| 13:15 | Build | Palisade Wall |
| 13:17 | Research | Double-Bit Axe |
| 13:17 | Research | Double-Bit Axe |
| 13:26 | Research | Town Watch |
| 13:29 | Build | House |
| 13:32 | Create | Villager (Male) |
| 13:41 | Create | Archer |
| 14:01 | Build | Farm |
| 14:08 | Create | Villager (Male) |
| 14:13 | Create | Villager (Male) |
| 14:16 | Create | Villager (Male) |
| 14:19 | Build | House |
| 14:21 | Build | Palisade Wall |
| 14:24 | Create | Archer |
| 14:25 | Create | Villager (Male) |
| 14:27 | Build | Farm |
| 14:27 | Create | Villager (Male) |
| 14:32 | Build | Farm |
| 14:41 | Build | House |
| 14:49 | Build | House |
| 14:51 | Build | Palisade Wall |
| 14:54 | Create | Archer |
| 15:01 | Create | Villager (Male) |
| 15:07 | Build | House |
| 15:13 | Build | Palisade Wall |
| 15:16 | Build | Palisade Wall |
| 15:18 | Build | Farm |
| 15:19 | Create | Villager (Male) |
| 15:28 | Create | Spearman |
| 15:34 | Build | House |
| 15:35 | Build | Palisade Wall |
| 15:37 | Build | Palisade Wall |
| 15:38 | Build | Palisade Wall |
| 15:40 | Build | Palisade Wall |
| 15:42 | Create | Villager (Male) |
| 15:46 | Build | Palisade Wall |
| 15:48 | Create | Villager (Male) |
| 15:55 | Create | Archer |
| 16:02 | Create | Spearman |
| 16:10 | Create | Villager (Male) |
| 16:16 | Build | House |
| 16:25 | Create | Villager (Male) |
| 16:28 | Create | Archer |
| 16:30 | Build | Farm |
| 16:36 | Create | Villager (Male) |
| 16:49 | Build | Farm |
| 17:05 | Create | Villager (Male) |
| 17:07 | Build | Palisade Wall |
| 17:13 | Build | Blacksmith |
| 17:17 | Create | Archer |
| 17:38 | Create | Villager (Male) |
| 17:43 | Create | Villager (Male) |
| 17:48 | Build | Archery Range |
| 17:51 | Create | Villager (Male) |
| 17:53 | Build | Palisade Wall |
| 17:54 | Create | Villager (Male) |
| 18:02 | Create | Archer |
| 18:07 | Build | House |
| 18:08 | Build | Palisade Wall |
| 18:10 | Build | Palisade Wall |
| 18:13 | Build | Palisade Wall |
| 18:23 | Build | Palisade Wall |
| 18:37 | Create | Villager (Male) |
| 18:41 | Create | Archer |
| 18:42 | Create | Archer |
| 18:45 | Build | Farm |
| 18:46 | Create | Villager (Male) |
| 19:07 | Create | Archer |
| 19:13 | Build | Farm |
| 19:43 | Create | Villager (Male) |
| 20:06 | Create | Archer |
| 20:25 | Build | Watch Tower |
| 20:37 | Create | Archer |
| 20:37 | Create | Archer |
| 20:38 | Research | Castle Age |
| 20:38 | Research | Castle Age |
| 20:39 | Research | Castle Age |
| 21:13 | Research | Fletching |
| 21:13 | Research | Fletching |
| 21:14 | Research | Fletching |
| 21:25 | Create | Archer |
Match timeline
| 3:18 | Survivalist · first_building Barracks |
| 3:19 | Survivalist · wall_segment Palisade Wall x1 |
| 3:20 | Survivalist · wall_segment Palisade Wall x1 |
| 3:21 | Survivalist · wall_segment Palisade Wall x1 |
| 5:03 | Survivalist · wall_segment Palisade Wall x4 |
| 5:04 | Survivalist · wall_segment Palisade Wall x2 |
| 5:04 | Survivalist · wall_segment Palisade Wall x2 |
| 5:05 | Survivalist · wall_segment Palisade Wall x1 |
| 5:05 | Survivalist · wall_segment Palisade Wall x1 |
| 5:48 | Courtesy · wall_segment Palisade Wall x1 |
| 5:49 | Courtesy · wall_segment Palisade Wall x1 |
| 6:06 | Courtesy · wall_segment Palisade Wall x4 |
| 6:08 | Courtesy · wall_segment Palisade Wall x1 |
| 6:14 | Survivalist · wall_segment Palisade Wall x2 |
| 6:14 | Survivalist · wall_segment Palisade Wall x1 |
| 6:15 | Survivalist · wall_segment Palisade Wall x1 |
| 6:16 | Survivalist · wall_segment Palisade Wall x1 |
| 6:16 | Survivalist · wall_segment Palisade Wall x1 |
| 6:16 | Survivalist · wall_segment Palisade Wall x2 |
| 6:16 | Survivalist · wall_segment Palisade Wall x2 |
| 6:17 | Survivalist · wall_segment Palisade Wall x1 |
| 6:17 | Survivalist · wall_segment Palisade Wall x2 |
| 6:17 | Survivalist · wall_segment Palisade Wall x2 |
| 6:18 | Survivalist · wall_segment Palisade Wall x1 |
| 6:18 | Survivalist · wall_segment Palisade Wall x2 |
| 6:18 | Survivalist · wall_segment Palisade Wall x1 |
| 6:19 | Survivalist · wall_segment Palisade Wall x1 |
| 6:19 | Survivalist · wall_segment Palisade Wall x1 |
| 6:19 | Survivalist · wall_segment Palisade Wall x1 |
| 6:26 | Courtesy · wall_segment Palisade Wall x1 |
| 6:28 | Courtesy · wall_segment Palisade Wall x1 |
| 10:40 | Courtesy · first_building Barracks |
| 12:35 | Survivalist · age_up feudal |
| 12:39 | Survivalist · first_building Stable |
| 12:50 | Courtesy · wall_segment Palisade Wall x1 |
| 12:51 | Courtesy · wall_segment Palisade Wall x1 |
| 12:51 | Courtesy · age_up feudal |
| 12:57 | Courtesy · first_building Archery Range |
| 13:15 | Courtesy · wall_segment Palisade Wall x6 |
| 14:11 | Survivalist · first_building Archery Range |
| 14:16 | Survivalist · wall_segment Palisade Wall x11 |
| 14:21 | Courtesy · wall_segment Palisade Wall x8 |
| 14:27 | Survivalist · wall_segment Palisade Wall x7 |
| 14:46 | Survivalist · wall_segment Palisade Wall x4 |
| 14:49 | Survivalist · wall_segment Palisade Wall x10 |
| 14:51 | Courtesy · wall_segment Palisade Wall x2 |
| 15:13 | Courtesy · wall_segment Palisade Wall x1 |
| 15:16 | Courtesy · wall_segment Palisade Wall x1 |
| 15:35 | Courtesy · wall_segment Palisade Wall x1 |
| 15:37 | Courtesy · wall_segment Palisade Wall x1 |
| 15:38 | Courtesy · wall_segment Palisade Wall x1 |
| 15:40 | Courtesy · wall_segment Palisade Wall x1 |
| 15:46 | Courtesy · wall_segment Palisade Wall x1 |
| 17:07 | Courtesy · wall_segment Palisade Wall x9 |
| 17:35 | Survivalist · first_market_buy 500 food |
| 17:36 | Survivalist · first_market_sell 500 stone |
| 17:53 | Courtesy · wall_segment Palisade Wall x5 |
| 18:08 | Courtesy · wall_segment Palisade Wall x1 |
| 18:10 | Courtesy · wall_segment Palisade Wall x4 |
| 18:13 | Courtesy · wall_segment Palisade Wall x2 |
| 18:23 | Courtesy · wall_segment Palisade Wall x1 |
| 21:08 | Survivalist · age_up castle |
| 23:18 | Courtesy · age_up castle |
| 23:38 | Survivalist · first_building Siege Workshop |
| 24:23 | Courtesy · first_market_sell 100 wood |
| 24:24 | Courtesy · first_market_buy 100 food |
| 24:38 | Courtesy · first_building Siege Workshop |
| 27:22 | Courtesy · resign |
[ AI ANALYSIS · 1 CREDIT ]
What really happened in this match?
Wolo.gg analyzes every decision: build order, eco, micro, common mistakes by bracket. Personalized analysis on WhatsApp or Discord in 30 seconds.
Civ guide
Saracens
Perfil
Jugador #247224